 Dungeon Crawl Stone Soup version 0.23.2-40-g277498a001 (webtiles) character file.

Game seed: 13887307709253274301

224873 Kenran the Bludgeoner (level 18, -2/173 HPs)
             Began as a Minotaur Monk on Sept 1, 2019.
             Was the Champion of Makhleb.
             Slain by an eight-headed hydra (3 damage)
             ... on level 3 of the Swamp on Sept 9, 2019.
             The game lasted 01:19:08 (34952 turns).

Kenran the Bludgeoner (Minotaur Monk)              Turns: 34952, Time: 01:19:09

Health: -2/173     AC: 35    Str: 24    XL:     18   Next: 60%
Magic:  0/27       EV: 11    Int: 14    God:    Makhleb [******]
Gold:   2549       SH:  3    Dex: 16    Spells: 17/17 levels left

rFire    + + .     SeeInvis .   a - +7 great mace (holy)
rCold    + . .     Gourm    .   (shield currently unavailable)
rNeg     + + .     Faith    .   Q - +5 gold dragon scales
rPois    +         Spirit   +   S - +2 hat {MR+}
rElec    +         Reflect  +   G - scarf {Spirit}
rCorr    .         Harm     .   U - +2 pair of gloves
MR       ++...                  o - +2 pair of boots of Niylil {rElec rPois rF+ rN+}
Stlth    ..........             P - amulet of Xugh {Reflect Int+5 SH+3}
HPRegen  0.38/turn              V - ring "Saleosch" {rPois rN+ EV+4 Dex-2}
MPRegen  0.20/turn              R - ring of the Final Planets {rPois Str+2 Int+2 Dex+3 Stlth-}

@: no status effects
A: retaliatory headbutt, horns 2
}: 1/15 runes: serpentine
a: Minor Destruction, Lesser Servant of Makhleb, Major Destruction, Greater
Servant of Makhleb, Renounce Religion


You were on level 3 of the Swamp.
You worshipped Makhleb.
Makhleb was exalted by your worship.
You were not hungry.

You visited 4 branches of the dungeon, and saw 29 of its levels.

You collected 2549 gold pieces.

Inventory:

Hand Weapons
 a - a +7 great mace of holy wrath (weapon)
Missiles
 l - 8 throwing nets (quivered)
Armour
 o - the +2 pair of boots of Niylil (worn) {rElec rPois rF+ rN+}
   (You acquired it on level 7 of the Dungeon)

   It protects you from fire.
   It insulates you from electricity.
   It protects you from poison.
   It protects you from negative energy.
 G - a scarf of spirit shield (worn)
 Q - +5 gold dragon scales (worn)
 S - a +2 hat of magic resistance (worn)
 U - a +2 pair of gloves (worn)
Jewellery
 d - an uncursed amulet of rage {unknown}
 m - an uncursed ring of resist corrosion
 r - an uncursed ring of see invisible
 B - an uncursed ring of protection from cold
 P - the amulet of Xugh (around neck) {Reflect Int+5 SH+3}
   (You found it on level 2 of the Swamp)

   [amulet of reflection]

   It shields you and reflects attacks.
   It affects your intelligence (+5).
   It affects your SH (+3).
 R - the ring of the Final Planets (right hand) {rPois Str+2 Int+2 Dex+3 Stlth-}
   (You found it on level 6 of the Lair of Beasts)

   [ring of dexterity]

   It affects your strength (+2).
   It affects your intelligence (+2).
   It affects your dexterity (+3).
   It protects you from poison.
   It makes you less stealthy.
 V - the ring "Saleosch" (left hand) {rPois rN+ EV+4 Dex-2}
   (You found it on level 6 of the Lair of Beasts)

   [ring of evasion]

   It affects your evasion (+4).
   It affects your dexterity (-2).
   It protects you from poison.
   It protects you from negative energy.
Wands
 b - a wand of iceblast (18)
 s - a wand of acid (13)
 F - a wand of enslavement (5)
 H - a wand of random effects (66)
 K - a wand of digging (12)
 L - a wand of flame (62)
 O - a wand of polymorph (17)
 W - a wand of paralysis (8)
 X - a wand of clouds (9)
Scrolls
 g - 9 scrolls of magic mapping
 h - 4 scrolls of immolation {!r}
 n - 2 scrolls of blinking {@r3}
 p - 7 scrolls of teleportation {@r4}
 t - 5 scrolls of fear
 y - 8 scrolls of amnesia
 D - a scroll of summoning
 I - 4 scrolls of fog
 J - 9 scrolls of remove curse {@r2}
Potions
 f - 3 potions of flight
 i - 9 potions of curing {@q1}
 j - a potion of haste {@q3}
 q - 6 potions of might {@q4}
 v - 3 potions of cancellation {@q6}
 w - a potion of resistance
 z - 3 potions of brilliance
 A - a potion of invisibility
 C - 4 potions of ambrosia
 N - 4 potions of lignification {!q}
 Z - 4 potions of mutation {!q}
Miscellaneous
 u - a phantom mirror
Comestibles
 c - 34 rations
 k - 6 chunks of flesh


   Skills:
 + Level 18.3 Fighting
   Level 3.2 Short Blades
 - Level 20.0 Maces & Flails
 - Level 16.0 Armour
 - Level 3.2 Dodging
 - Level 1.5 Stealth
   Level 6.0 Shields
 - Level 14.0 Invocations
 - Level 10.0 Evocations


You had 17 spell levels left.
You didn't know any spells.
Your spell library contained the following spells:

 Spells                   Type           Power        Failure   Level  Hunger
 Beastly Appendage        Tmut           #.....       100%        1    ##.....
 Corona                   Hex            #......      100%        1    ##.....
 Freeze                   Ice            #...         100%        1    ##.....
 Sandblast                Erth           #.....       100%        1    ##.....
 Ensorcelled Hibernation  Hex/Ice        #.....       100%        2    ###....
 Passwall                 Tmut/Erth      #.......     100%        2    ###....
 Sticks to Snakes         Tmut           #.......     100%        2    ###....
 Throw Frost              Conj/Ice       #.....       100%        2    ###....
 Confuse                  Hex            #.......     100%        3    ####...
 Dazzling Spray           Conj/Hex       #.....       100%        3    ####...
 Ozocubu's Armour         Chrm/Ice       #.......     100%        3    ####...
 Recall                   Summ/Tloc      N/A          100%        3    ####...
 Spider Form              Tmut/Pois      #.........   100%        3    ####...
 Stone Arrow              Conj/Erth      #.....       100%        3    ####...
 Tukima's Dance           Hex            #.......     100%        3    ####...
 Animate Dead             Necr           N/A          100%        4    #####..
 Ice Form                 Ice/Tmut       #.......     100%        4    #####..
 Petrify                  Tmut/Erth      #.......     100%        4    #####..
 Summon Ice Beast         Ice/Summ       #.......     100%        4    #####..
 Throw Icicle             Conj/Ice       #.......     100%        4    #####..
 Blade Hands              Tmut           #.........   100%        5    ######.
 Borgnjor's Vile Clutch   Necr/Erth      #.........   100%        5    ######.
 Lee's Rapid Deconstruct  Erth           #.........   100%        5    ######.
 Death Channel            Necr           #.........   100%        6    #######
 Simulacrum               Ice/Necr       #.........   100%        6    #######


Dungeon Overview and Level Annotations

Branches:
Dungeon (15/15)            Temple (0/1) D:4            Lair (6/6) D:11
  Swamp (4/4) Lair:4        Snake (4/4) Lair:2        Slime (0/5) Lair:6
    Orc (0/2) D:10         Vaults (0/5) D:14         Depths (0/5) D:15

Altars:
Dithmenos
Elyvilon
Gozag
Hepliaklqana
Kikubaaqudgha
Makhleb
Okawaru
Qazlal
Ru
Xom
Yredelemnul
Zin
The Shining One
Beogh

Shops:
D:8 }

Annotations:
Lair:5 1 runed translucent door, Sega's ghost, journeyman HOBe
Swamp:3 Mara


Innate Abilities, Weirdness & Mutations

You reflexively headbutt those who attack you in melee.
You have a pair of horns on your head.


Message History

Okay, then.
Okay, then.
Okay, then.
You feel better.
Your orange demon stings the seven-headed hydra from afar!
Your hellwing hits the seven-headed hydra. x2
The seven-headed hydra barely misses you.
The seven-headed hydra closely misses you.
The seven-headed hydra bites you but does no damage.
The seven-headed hydra bites you.
* * * LOW HITPOINT WARNING * * *
You block the seven-headed hydra's attack.
The seven-headed hydra bites you but does no damage. x2
The eight-headed hydra bites you.
* * * LOW HITPOINT WARNING * * *
The eight-headed hydra bites you but does no damage.
The eight-headed hydra closely misses you.
The eight-headed hydra bites you but does no damage. x2
The eight-headed hydra bites you.
You die...

♣♣.≈≈..≈≈≈..≈≈≈≈≈)♣≈♣ .≈...≈≈
♣..≈≈≈≈.♣≈.≈.>♣♣♣♣♣♣♣ ♣♣♣♣♣♣.
♣.≈≈≈≈≈.≈......≈♣♣ ♣♣.
♣.≈≈≈≈.......§≈≈≈♣ ♣♣♣♣♣≈.
♣≈≈≈≈≈≈.≈≈....≈.♣♣ ♣♣..≈♣.≈
♣♣.<≈..≈≈≈..≈♣.♣♣ ♣.≈≈...R
♣.....≈≈§......♣ ♣.≈≈≈...
♣♣♣≈♣♣.≈.≈[4≈≈♣♣ ♣♣.≈≈≈..R
♣♣..≈≈§≈....@..♣♣ ♣≈≈...<@≈
♣♣≈...≈.§.≈♣♣DD.≈♣ ♣♣♣≈>..≈≈ ♣
♣≈♣♣≈...≈≈♣♣..4.♣♣♣ ♣♣.≈≈.≈. ♣
♣♣..≈≈≈..≈≈≈♣♣.≈≈≈.♣♣♣♣♣.≈≈≈.≈.
♣♣♣≈♣.♣≈≈≈...≈♣♣≈≈≈≈.♣♣≈..}..≈...
≈..≈..≈♣♣♣.....♣♣......≈.≈.♣♣♣♣.≈
≈≈...≈♣.♣.≈≈.≈≈§≈≈..≈≈≈≈≈≈.♣ ♣≈≈
.§≈..♣(♣..≈...≈≈≈≈≈≈≈≈≈≈≈≈≈♣ ♣♣♣
..≈....♣♣.♣...♣.≈≈.≈≈≈≈≈≈≈≈♣♣♣


You could see an eight-headed hydra, a seven-headed hydra, a friendly orange
demon and a friendly hellwing.

Vanquished Creatures
  Gastronok (Lair:2)
  A thorn hunter (Swamp:2)
  Kirke (Snake:1)
  6 nagarajas (Snake:4)
  Aizul (Snake:3)
  Louise (Snake:3)
  13 hydras
  A rakshasa (D:14)
  15 naga warriors
  Erolcha (D:13)
  2 centaur warriors
  8 anacondas
  2 shambling mangroves
  2 ogre magi
  11 alligators
  11 two-headed ogres
  3 death yaks
  A tengu warrior (D:15)
  16 naga sharpshooters
  Sonja (D:13)
  6 shock serpents
  A salamander mystic (Snake:3)
  10 swamp dragons
  2 unseen horrors
  2 spriggan druids (Swamp:3)
  10 naga ritualists
  A wolf spider zombie (D:15)
  An orc sorcerer (D:15)
  A necromancer (D:14)
  12 ugly things
  14 mana vipers
  3 manticores
  3 cyclopes
  7 salamanders
  A deep elf mage (D:12)
  An ice statue (Lair:4)
  30 black mambas
  26 naga magi
  2 guardian serpents
  24 spiny frogs
  2 gargoyles
  8 centaur skeletons
  4 kobold demonologists
  A yaktaur (D:15)
  11 komodo dragons
  An efreet (D:15)
  2 freezing wraiths
  5 trolls
  12 hornets
  3 polar bears
  18 slime creatures
  15 tyrant leeches
  3 bog bodies
  Grinder (D:5)
  A merfolk (D:11)
  7 hippogriffs
  19 blink frogs
  A meliai zombie (D:14)
  3 shadows
  2 vampires
  48 yaks
  4 spriggans
  A wyvern (D:15)
  A tarantella (shapeshifter) (D:15)
  2 wraiths
  Eustachio (D:6)
  3 basilisks
  A human (shapeshifter) (D:15)
  4 hogs (Snake:1)
  A steam dragon (Lair:4)
  3 hungry ghosts
  12 vampire mosquitoes
  Menkaure (D:6)
  12 insubstantial wisps
  12 swamp worms
  44 nagas
  A soldier ant (D:14)
  13 water moccasins
  9 swamp drakes
  8 porcupines
  A sky beast (D:13)
  A hornet zombie (D:10)
  8 orc warriors
  13 ice beasts
  A necrophage (D:9)
  3 phantoms
  A black bear (D:7)
  2 wolves (Lair:6)
  11 ogres
  6 centaurs
  12 crocodiles
  6 big kobolds
  31 bullfrogs
  Blork the orc (D:5)
  A gnoll sergeant (D:8)
  A wyvern zombie (D:12)
  A water moccasin zombie (D:5)
  A wyvern skeleton (D:14)
  2 scorpions (D:4)
  7 wights
  4 electric eels
  2 howler monkeys
  3 bullfrog zombies
  6 crimson imps
  9 jellies
  3 quasits
  Crazy Yiuf (D:5)
  A bullfrog skeleton (D:6)
  2 centaur zombies
  12 orc priests
  7 hounds
  22 orc wizards
  A gnoll shaman (D:8)
  Ijyb (D:3)
  5 iguanas
  9 worker ants
  2 killer bee zombies
  A hound skeleton (D:7)
  10 gnolls
  13 adders
  A white imp (Lair:4)
  6 oozes
  An adder zombie (D:9)
  A worm (D:5)
  3 dart slugs
  5 leopard geckos
  47 orcs
  2 ball pythons
  3 bats
  7 giant cockroaches
  15 goblins
  10 hobgoblins
  6 jackals
  20 kobolds
  3 quokkas
  5 frilled lizards
  A leopard gecko skeleton (D:7)
  7 rats
922 creatures vanquished.

Vanquished Creatures (collateral kills)
  Rupert (D:15)
  An ettin (D:14)
  A great orb of eyes (D:15)
  A rakshasa (D:15)
  A hydra (Lair:6)
  2 two-headed ogres (D:15)
  2 shambling mangroves (Swamp:2)
  An ogre mage (D:15)
  A guardian serpent (Snake:3)
  A black mamba (Lair:6)
  A centaur zombie (D:15)
  4 spiny frogs (Lair:6)
  A kobold demonologist (D:15)
  2 rime drakes
  A freezing wraith (Lair:4)
  A komodo dragon (Lair:6)
  3 hornets (Swamp:2)
  4 blink frogs (Lair:6)
  A shadow (Swamp:2)
  A yak (Lair:6)
  A spriggan (Swamp:2)
  A vampire mosquito (Lair:6)
  A swamp worm (Swamp:2)
  A swamp drake (Swamp:4)
  A wolf (Lair:6)
  A crocodile (Lair:6)
  2 big kobolds (D:15)
  3 bullfrogs (Lair:6)
  A kobold (D:15)
  A briar patch (Swamp:2)
  A plant (Lair:6)
45 creatures vanquished.

Vanquished Creatures (others)
  A hornet (Swamp:1)
  A naga (Snake:4)
  A swamp drake (Swamp:1)
  A wolf (Lair:6)
  12 fungi
  17 plants
33 creatures vanquished.

Grand Total: 1000 creatures vanquished

Notes
Turn   | Place    | Note
-------+----------+-------------------------------------------
     0 | D:1      | Kenran the Minotaur Monk began the quest for the Orb.
     0 | D:1      | Reached XP level 1. HP: 19/19 MP: 0/0
   175 | D:1      | Reached XP level 2. HP: 21/28 MP: 1/1
   496 | D:1      | Reached skill level 5 in Fighting
   699 | D:1      | Reached skill level 1 in Maces & Flails
   699 | D:1      | Reached XP level 3. HP: 34/36 MP: 2/2
  1230 | D:2      | Reached skill level 2 in Maces & Flails
  1365 | D:2      | Noticed a bullfrog
  1369 | D:2      | Killed a bullfrog
  1369 | D:2      | Reached skill level 4 in Maces & Flails
  1369 | D:2      | Reached XP level 4. HP: 42/42 MP: 3/3
  1396 | D:2      | Reached XP level 5. HP: 45/48 MP: 4/4
  1960 | D:2      | Reached skill level 5 in Maces & Flails
  2150 | D:3      | Noticed an ice beast
  2163 | D:3      | Killed an ice beast
  2163 | D:3      | Reached skill level 6 in Maces & Flails
  2163 | D:3      | Reached XP level 6. HP: 56/56 MP: 5/5
  2201 | D:3      | Found a burning altar of Makhleb.
  2202 | D:3      | Found a glowing silver altar of Zin.
  2202 | D:3      | Noticed an angel
  2205 | D:3      | Noticed an Executioner
  2210 | D:3      | Became a worshipper of Makhleb the Destroyer
  2210 | D:3      | Reached * piety under Makhleb
  2210 | D:3      | Reached ** piety under Makhleb
  2358 | D:3      | Noticed Ijyb
  2371 | D:3      | Killed Ijyb
  2481 | D:3      | Reached skill level 7 in Maces & Flails
  2962 | D:4      | Reached skill level 8 in Maces & Flails
  3027 | D:4      | Reached XP level 7. HP: 42/61 MP: 6/6
  3418 | D:4      | Reached skill level 9 in Maces & Flails
  3427 | D:4      | Found a staircase to the Ecumenical Temple.
  3436 | D:4      | Found an opulent altar of Gozag.
  3503 | D:5      | Entered Level 5 of the Dungeon
  3533 | D:5      | Found a runed translucent door.
  3534 | D:5      | Noticed Crazy Yiuf
  3571 | D:5      | Noticed Grinder
  3618 | D:4      | Reached skill level 1 in Armour
  3819 | D:5      | Reached *** piety under Makhleb
  3953 | D:5      | Found a hazy altar of Hepliaklqana.
  4024 | D:5      | Noticed Blork the orc
  4036 | D:5      | Killed Blork the orc
  4036 | D:5      | Reached XP level 8. HP: 63/68 MP: 7/7
  4203 | D:5      | Paralysed by Grinder for 2 turns
  4208 | D:5      | Killed Grinder
  4208 | D:5      | Reached skill level 10 in Maces & Flails
  4431 | D:5      | Killed Crazy Yiuf
  4584 | D:6      | Found a shimmering altar of Xom.
  4586 | D:6      | Found a shimmering altar of Xom.
  4586 | D:6      | Found a shimmering altar of Xom.
  5058 | D:6      | Noticed Menkaure
  5067 | D:6      | Killed Menkaure
  5067 | D:6      | Reached skill level 11 in Maces & Flails
  5336 | D:6      | Noticed Eustachio
  5357 | D:6      | Killed Eustachio
  5869 | D:6      | Reached XP level 9. HP: 62/79 MP: 8/8
  5965 | D:7      | Reached **** piety under Makhleb
  6239 | D:7      | Reached skill level 12 in Maces & Flails
  6316 | D:7      | Reached skill level 1 in Invocations
  6875 | D:7      | Identified a scroll of acquirement
  6884 | D:7      | Got a pair of encrusted boots
  6890 | D:7      | Identified the +2 pair of boots of Niylil {rElec rPois rF+
                  | rN+} (You acquired it on level 7 of the Dungeon)
  6942 | D:8      | Found an ancient bone altar of Kikubaaqudgha.
  6972 | D:8      | Reached skill level 5 in Invocations
  7233 | D:8      | Reached skill level 5 in Armour
  7233 | D:8      | Reached XP level 10. HP: 89/89 MP: 13/13
  7242 | D:8      | Found Veusm's Gadget Shoppe.
  7492 | D:8      | Reached ***** piety under Makhleb
  7622 | D:8      | Found a basalt altar of Yredelemnul.
  7623 | D:8      | Found a stormy altar of Qazlal.
  7623 | D:8      | Found a white marble altar of Elyvilon.
  7624 | D:8      | Found a sacrificial altar of Ru.
  7821 | D:8      | Found a shimmering altar of Xom.
  8471 | D:9      | Reached skill level 13 in Maces & Flails
  8871 | D:10     | Entered Level 10 of the Dungeon
  8894 | D:10     | Found a staircase to the Orcish Mines.
  8979 | D:10     | Noticed a gargoyle
  9003 | D:10     | Killed a gargoyle
  9234 | D:10     | Found a roughly hewn altar of Beogh.
  9685 | D:11     | Found a shadowy altar of Dithmenos.
  9693 | D:11     | Noticed a two-headed ogre
  9694 | D:11     | Noticed a death yak
  9694 | D:11     | Noticed a death yak
  9720 | D:10     | Killed a two-headed ogre
  9986 | D:10     | Noticed a sixfirhy
  9988 | D:10     | Reached XP level 11. HP: 71/99 MP: 15/15
 10000 | D:10     | Killed a death yak
 10257 | D:10     | Killed a death yak
 10257 | D:10     | Reached skill level 14 in Maces & Flails
 10391 | D:11     | Noticed a death yak
 10430 | D:11     | Killed a death yak
 10430 | D:11     | Reached skill level 10 in Fighting
 10572 | D:11     | Noticed a red ugly thing
 10590 | D:11     | Killed a red ugly thing
 10833 | D:11     | Noticed a brown ugly thing
 10855 | D:11     | Killed a brown ugly thing
 11062 | D:11     | Reached skill level 10 in Armour
 11101 | D:11     | Reached skill level 1 in Shields
 11206 | D:11     | Found a staircase to the Lair.
 11364 | Lair:1   | Entered Level 1 of the Lair of Beasts
 11914 | Lair:1   | Found a glowing golden altar of the Shining One.
 12354 | Lair:2   | Reached XP level 12. HP: 106/107 MP: 17/17
 12814 | Lair:2   | Found a staircase to the Snake Pit.
 12979 | Lair:2   | Noticed Gastronok
 13011 | Lair:2   | Killed Gastronok
 13327 | Lair:2   | Reached skill level 15 in Maces & Flails
 13643 | Lair:3   | Got a transparent chain mail
 13654 | Lair:3   | Identified the cursed +1 chain mail of Divine Intervention
                  | {rN+ MR+} (You found it on level 3 of the Lair of Beasts)
 14513 | Lair:4   | Noticed an eight-headed hydra
 14524 | Lair:4   | Reached skill level 10 in Invocations
 14544 | Lair:3   | Killed an eight-headed hydra
 14775 | Lair:4   | Found a staircase to the Swamp.
 14807 | Lair:4   | Noticed an eight-headed hydra
 14814 | Lair:4   | Killed an eight-headed hydra
 14814 | Lair:4   | Reached XP level 13. HP: 100/118 MP: 19/19
 15270 | Lair:4   | You fall through a shaft for 2 floors!
 15270 | Lair:6   | Entered Level 6 of the Lair of Beasts
 15421 | Lair:6   | Reached skill level 16 in Maces & Flails
 15447 | Lair:6   | Reached skill level 5 in Shields
 15506 | Lair:6   | Reached ****** piety under Makhleb
 16198 | Lair:5   | Found a runed translucent door.
 16271 | Lair:5   | Noticed Sega's ghost (journeyman HOBe)
 17023 | Lair:6   | Reached skill level 1 in Evocations
 17048 | Lair:6   | Got a twitching bronze ring
 17105 | Lair:6   | Found a staircase to the Slime Pits.
 17512 | Lair:6   | Got a vibrating wooden ring
 17594 | Lair:6   | Reached XP level 14. HP: 130/132 MP: 20/20
 19089 | D:13     | Identified the ring of the Final Planets {rPois Str+2 Int+2
                  | Dex+3 Stlth-} (You found it on level 6 of the Lair of
                  | Beasts)
 19095 | D:13     | Identified the ring "Saleosch" {rPois rN+ EV+4 Dex-2} (You
                  | found it on level 6 of the Lair of Beasts)
 19496 | D:13     | Noticed Sonja
 19499 | D:13     | Killed Sonja
 19547 | D:13     | Found an iron altar of Okawaru.
 19627 | D:13     | Noticed Erolcha
 19632 | D:13     | Killed Erolcha
 20161 | D:14     | Found a gate to the Vaults.
 20641 | D:14     | Reached skill level 17 in Maces & Flails
 20641 | D:14     | Reached skill level 5 in Evocations
 21019 | D:15     | Entered Level 15 of the Dungeon
 21727 | D:15     | Found a staircase to the Depths.
 21827 | D:15     | Reached XP level 15. HP: 138/138 MP: 22/22
 22267 | D:15     | Reached skill level 18 in Maces & Flails
 22322 | D:15     | Noticed Rupert
 22353 | D:15     | Killed Rupert
 22881 | Swamp:1  | Entered Level 1 of the Swamp
 22929 | Lair:4   | Reached skill level 15 in Fighting
 24262 | Swamp:2  | Noticed a thorn hunter
 24271 | Swamp:2  | HP: 6/141 [thorn hunter/volley of thorns (16)]
 24280 | Swamp:2  | Killed a thorn hunter
 25100 | Swamp:2  | Got a wavering zirconium amulet
 25342 | Swamp:2  | Identified the amulet of Xugh {Reflect Int+5 SH+3} (You
                  | found it on level 2 of the Swamp)
 25516 | Swamp:3  | Noticed Mara
 25701 | Swamp:3  | Noticed Kenran's illusion
 25841 | Swamp:3  | Reached XP level 16. HP: 150/150 MP: 24/24
 26498 | Snake:1  | Entered Level 1 of the Snake Pit
 26524 | Lair:2   | Reached XP level 17. HP: 158/158 MP: 25/25
 26983 | Snake:1  | Noticed Kirke
 27010 | Snake:1  | Killed Kirke
 29620 | Snake:3  | Reached skill level 19 in Maces & Flails
 29945 | Snake:3  | Noticed Louise
 30071 | Snake:3  | Killed Louise
 30398 | Snake:3  | Noticed Aizul
 30419 | Snake:3  | Killed Aizul
 30849 | Snake:4  | Entered Level 4 of the Snake Pit
 31469 | Snake:4  | Reached XP level 18. HP: 157/166 MP: 27/27
 31943 | Snake:4  | Reached skill level 20 in Maces & Flails
 31988 | Snake:4  | Reached skill level 10 in Evocations
 33601 | Snake:4  | Got a serpentine rune of Zot
 34332 | Swamp:3  | Noticed Kenran's illusion
 34394 | Swamp:3  | Noticed Kenran's illusion
 34789 | Swamp:4  | Entered Level 4 of the Swamp
 34951 | Swamp:3  | HP: 1/173 [eight-headed hydra (9)]
 34952 | Swamp:3  | Slain by an eight-headed hydra

Skill      XL: |  1  2  3  4  5  6  7  8  9 10 11 12 13 14 15 16 17 18 |
---------------+-------------------------------------------------------+-----
Fighting       | 4 5 7 8 9 10 12 14 15 16 18 | 18.3
Maces & Flails | 1 4 6 8 9 11 12 13 14 15 16 17 18 19 20 | 20.0
Armour         | 4 5 7 10 11 12 13 14 16 | 16.0
Invocations    | 5 7 8 10 11 12 13 14 | 14.0
Shields        | 4 6 |  6.0
Evocations     | 2 5 7 9 10 | 10.0
Short Blades   | |  3.2
Dodging        | |  3.2
Stealth        | |  1.5

Action                   |  1- 3 |  4- 6 |  7- 9 | 10-12 | 13-15 | 16-18 || total
-------------------------+-------+-------+-------+-------+-------+-------++-------
Melee: Short sword       |    43 |       |       |       |       |       ||    43
       Headbutt          |    14 |    28 |    83 |   218 |   614 |   323 ||  1280
       Mace              |    21 |   133 |   237 |   900 |  2012 |   112 ||  3415
       Whip              |       |       |   101 |       |       |       ||   101
       Great mace        |       |       |       |       |       |  1027 ||  1027
Invok: Lesser Servant of |       |       |       |       |    18 |     9 ||    27
       Major Destruction |       |       |       |       |     1 |       ||     1
Evoke: Wand              |       |       |       |       |     3 |     2 ||     5
  Use: Scroll            |       |     6 |    12 |    13 |     9 |    11 ||    51
       Potion            |       |     1 |     1 |     4 |     7 |     9 ||    22
 Stab: Sleeping          |       |     1 |       |       |       |       ||     1
       Distracted        |       |       |       |       |     8 |     1 ||     9
  Eat: Chunk             |     1 |     6 |     9 |    16 |    20 |     4 ||    56
       Ration            |       |       |     4 |     1 |     6 |     8 ||    19
Armor: Robe              |    11 |       |       |       |       |       ||    11
       Ring mail         |     4 |    34 |       |       |       |       ||    38
       Chain mail        |       |    21 |   144 |   268 |       |       ||   433
       Plate armour      |       |       |       |   113 |   483 |       ||   596
       Gold dragon scale |       |       |       |       |   929 |   933 ||  1862
Dodge: Dodged            |    37 |    71 |   117 |   273 |   381 |   524 ||  1403
Block: Buckler           |       |       |    46 |   206 |       |       ||   252
       Shield            |       |       |       |       |  1072 |    66 ||  1138
       Reflection        |       |       |       |       |     1 |     8 ||     9
       Other             |       |       |       |       |       |   110 ||   110
